 Dungeon Crawl Stone Soup version 0.21.0-30-g47ce8e4cbb (webtiles) character file.

1928 DildoBatman the Sneak (level 9, -7/69 HPs)
             Began as a Formicid Enchanter on Jan 29, 2018.
             Was an Initiate of Kikubaaqudgha.
             Mangled by an ogre
             ... wielding a +0 giant spiked club
              (26 damage)
             ... on level 7 of the Dungeon.
             The game lasted 00:29:08 (7712 turns).

DildoBatman the Sneak (Formicid Enchanter)          Turns: 7712, Time: 00:29:08

Health: -7/69      AC:  6    Str: 16    XL:     9   Next: 40%
Magic:  12/12      EV: 13    Int: 15    God:    Kikubaaqudgha [......]
Gold:   848        SH: 10    Dex: 11    Spells: 8/12 levels left

rFire    . . .     SeeInvis +   b - +2 hand axe (chop)
rCold    . . .     Gourm    .   o - +0 buckler
rNeg     + . .     Faith    .   l - +0 ring mail
rPois    .         Spirit   .   (helmet unavailable)
rElec    .         Reflect  +   (no cloak)
rCorr    .         Harm     .   (no gloves)
MR       .....                  (no boots)
Stlth    +++.......             n - +5 amulet of reflection
HPRegen  0.21/turn              C - ring of positive energy
MPRegen  0.13/turn              (no ring)

@: no status effects
A: permanent stasis, dig shafts and tunnels, four strong arms, antennae 3
a: Dig, Shaft Self, Renounce Religion


You were on level 7 of the Dungeon.
You worshipped Kikubaaqudgha.
Kikubaaqudgha was noncommittal.
You were near starving.

You visited 2 branches of the dungeon, and saw 8 of its levels.
You also visited: Sewer, Ossuary and Bailey.

You collected 848 gold pieces.

Inventory:

Hand Weapons
 a - a +2 dagger of venom
 b - a +2 hand axe of chopping (weapon)
 d - a +0 war axe of electrocution
 h - a cursed -2 whip
Armour
 l - a +0 ring mail (worn)
 o - a +0 buckler (worn)
 H - the +1 ring mail of Patterns {-Cast Str+2 Dex+3}
   (You took it off an orc warrior in a bailey)

   It affects your strength (+2).
   It affects your dexterity (+3).
   It prevents spellcasting.
Jewellery
 f - an uncursed ring of ice
 n - a +5 amulet of reflection (around neck)
 p - an uncursed ring of fire
 C - a ring of positive energy (left hand)
Wands
 x - a wand of paralysis (8)
 y - a wand of scattershot (6)
 K - a wand of iceblast (4)
Scrolls
 e - 3 scrolls of noise
 j - 5 scrolls of remove curse {unknown}
 r - 2 scrolls of amnesia
 u - 5 scrolls of teleportation {unknown}
 w - a scroll of enchant armour
 A - a scroll of fog {unknown}
 E - a scroll of fear
 I - a scroll of enchant weapon {unknown}
Potions
 g - 5 potions of flight
 i - a potion of magic
 k - 4 potions of heal wounds {unknown}
 m - 2 potions of ambrosia {unknown}
 q - a potion of agility {unknown}
 s - 3 potions of mutation {unknown}
 B - a potion of curing
 D - a potion of degeneration {unknown}
 F - a potion of berserk rage {unknown}
 G - 2 potions of resistance {unknown}
 J - a potion of lignification {unknown}
Books
 c - a book of Maledictions

   Spells                             Type                      Level
   a - Corona                         Hexes                        1
   b - Ensorcelled Hibernation        Hexes/Ice                    2
   c - Confuse                        Hexes                        3
   d - Tukima's Dance                 Hexes                        3
   e - Dazzling Spray                 Conjuration/Hexes            3
 L - a book of Misfortune

   Spells                             Type                      Level
   a - Confusing Touch                Hexes                        1
   b - Confuse                        Hexes                        3
   c - Gell's Gravitas                Translocation                3
   d - Petrify                        Transmutation/Earth          4
   e - Metabolic Englaciation         Hexes/Ice                    5
   f - Yara's Violent Unravelling     Hexes/Transmutation          5
Miscellaneous
 z - a crystal ball of energy
Comestibles
 v - 8 rations


   Skills:
 * Level 5.6 Fighting
 - Level 1.0 Short Blades
 * Level 5.6 Armour
 * Level 5.6 Dodging
 - Level 7.0 Stealth
 - Level 5.1 Shields
 - Level 2.1 Spellcasting
 - Level 4.0 Hexes


You had 8 spell levels left.
You knew the following spells:

 Your Spells              Type           Power        Failure   Level  Hunger
a - Corona                Hex            ##.....      8%          1    #......
b - Confuse               Hex            ##......     22%         3    ###....


Dungeon Overview and Level Annotations

Branches:
Dungeon (7/15)             Temple (1/1) D:7

Altars:
Cheibriados
Dithmenos
Elyvilon
Fedhas
Hepliaklqana
Kikubaaqudgha
Makhleb
Nemelex Xobeh
Okawaru
Qazlal
Ru
Trog
Wu Jian
Xom
Yredelemnul
The Shining One
Lugonu

Annotations:
D:3 exclusions: adder and 1 more exclusion
D:4 Blork the orc
D:5 exclusions: crimson imp, ice beast and jackal, Azo's ghost, novice GnWz
D:6 Menkaure
D:7 1 exclusion


Innate Abilities, Weirdness & Mutations

You cannot be hasted, slowed, berserked, paralysed or teleported.
You can dig through walls and to a lower floor.
Your four strong arms can wield two-handed weapons with a shield.
You have a pair of large antennae on your head. (SInv)


Message History

You kneel at the altar of Kikubaaqudgha.
You have lost your religion!
Yredelemnul does not appreciate desertion!
Kikubaaqudgha welcomes you!
The Shining One says: You will pay for your evil ways, mortal!
There is a staircase back to the Dungeon here.
You can't go down here!
You climb upwards.
Welcome back to the Dungeon!
Level annotation: 1 exclusion The ogre barely misses you.
There is a staircase to the Ecumenical Temple here.
You hit the ogre.
The ogre is lightly wounded.
The ogre hits you with a giant spiked club!
You barely miss the ogre.
The ogre is lightly wounded.
The ogre hits you with a giant spiked club!!
You die...
Kikubaaqudgha rasps: "You have failed me!
Welcome... death!"

.# #####.##......#
.# #.##......####..
.#
####'##............
.#
#..................
.#
#.....?#.#.#.#.#...
.#
#.................>
.#
#......#.......#...
.#
#..................
.#
#......#...@...#...
.#
#.....=...O.......#
##
######.#.......#..#
#.Z..........#
#.#.#!#.#.#..#
#............#
#########....#
#####


You could see an ogre and a jackal zombie.

Vanquished Creatures
  3 orc warriors (Bailey)
  A phantom (Temple)
  A black bear (D:7)
  An ogre (D:3)
  2 elf zombies (Ossuary)
  3 bullfrogs
  5 scorpions
  2 wights (D:6)
  A crimson imp (D:6)
  2 howler monkeys
  2 centaur zombies (Ossuary)
  2 human zombies (Ossuary)
  2 orc priests
  A hound (D:7)
  A bullfrog skeleton (D:5)
  An iguana (D:6)
  2 orc wizards
  A worker ant (D:6)
  2 hound skeletons
  2 mummies (Ossuary)
  3 gnolls (D:5)
  2 adders
  A shadow imp (D:6)
  3 oozes (Sewer)
  An adder zombie (D:5)
  7 worms
  2 dart slugs
  4 leopard geckos
  9 orcs
  11 giant cockroaches
  9 goblins
  4 hobgoblins
  11 jackals
  2 quokkas
  3 ball pythons
  18 bats
  4 frilled lizards
  A goblin zombie (Ossuary)
  14 hobgoblin zombies (Ossuary)
  2 jackal zombies
  13 kobolds
  11 kobold zombies (Ossuary)
  3 orc zombies (Ossuary)
  6 rats
  A rat zombie (Ossuary)
182 creatures vanquished.

Vanquished Creatures (others)
  3 kobolds (Bailey)
  A rat (D:2)
4 creatures vanquished.

Grand Total: 186 creatures vanquished

Notes
Turn   | Place    | Note
-------+----------+-------------------------------------------
     0 | D:1      | DildoBatman the Formicid Enchanter began the quest for the Orb.
     0 | D:1      | Reached XP level 1. HP: 13/13 MP: 3/3
    45 | D:1      | Reached skill level 1 in Fighting
   166 | D:1      | Reached XP level 2. HP: 18/21 MP: 3/5
   506 | D:1      | Reached XP level 3. HP: 20/28 MP: 6/6
   511 | D:1      | Learned a level 3 spell: Confuse
  1218 | D:2      | Found a white marble altar of Elyvilon.
  1385 | D:2      | Noticed a bullfrog
  2104 | D:3      | Found a stormy altar of Qazlal.
  2149 | D:3      | Reached XP level 4. HP: 34/35 MP: 5/7
  2577 | D:4      | Found a sand-covered staircase.
  2599 | D:4      | Found a shimmering altar of Xom.
  2599 | D:4      | Found a faded altar of an unknown god.
  2605 | D:4      | Found a bloodstained altar of Trog.
  2607 | D:4      | Found a blossoming altar of Fedhas.
  2608 | D:4      | Found a snail-covered altar of Cheibriados.
  2608 | D:4      | Noticed an ogre
  2794 | D:4      | Noticed an ogre
  2818 | Ossuary  | Entered an ossuary
  2835 | Ossuary  | Reached skill level 1 in Armour
  2842 | Ossuary  | Reached skill level 4 in Stealth
  2912 | Ossuary  | Reached skill level 1 in Shields
  2977 | Ossuary  | Reached XP level 5. HP: 37/41 MP: 4/8
  3220 | Ossuary  | Reached XP level 6. HP: 46/47 MP: 6/9
  3480 | Ossuary  | Reached skill level 5 in Stealth
  3813 | Ossuary  | Reached XP level 7. HP: 36/54 MP: 7/10
  4377 | D:4      | Noticed Blork the orc
  4389 | D:5      | Entered Level 5 of the Dungeon
  4662 | D:5      | Noticed Azo's ghost (novice GnWz)
  4832 | D:5      | Found a hazy altar of Hepliaklqana.
  4844 | D:5      | Reached skill level 5 in Armour
  5324 | D:5      | Reached XP level 8. HP: 53/61 MP: 5/11
  5339 | D:6      | Found a glowing drain.
  5348 | Sewer    | Entered a sewer
  6004 | Sewer    | Reached skill level 5 in Fighting
  6328 | D:6      | Reached skill level 6 in Stealth
  6512 | D:6      | Found a sacrificial altar of Ru.
  6528 | D:6      | Noticed Menkaure
  6537 | D:6      | Found an iron altar of Okawaru.
  6550 | D:6      | Found an ornate altar of the Wu Jian Council.
  6849 | D:7      | Reached skill level 7 in Stealth
  7011 | D:7      | Found a flagged portal.
  7057 | Bailey   | Entered a bailey
  7105 | Bailey   | Reached XP level 9. HP: 46/68 MP: 6/12
  7127 | Bailey   | Reached skill level 5 in Shields
  7224 | Bailey   | Reached skill level 5 in Dodging
  7248 | Bailey   | Got a steaming ring mail
  7265 | Bailey   | Identified the +1 ring mail of Patterns {-Cast Str+2 Dex+3} (You took it off an orc warrior in a bailey)
  7277 | Bailey   | Found an iron altar of Okawaru.
  7557 | D:7      | Found a staircase to the Ecumenical Temple.
  7567 | Temple   | Entered the Ecumenical Temple
  7665 | Temple   | Became a worshipper of Lugonu the Unformed
  7665 | Temple   | Reached * piety under Lugonu
  7670 | Temple   | Fell from the grace of Lugonu
  7670 | Temple   | Became a worshipper of the Shining One
  7681 | Temple   | Fell from the grace of the Shining One
  7681 | Temple   | Became a worshipper of Makhleb the Destroyer
  7684 | Temple   | Fell from the grace of Makhleb
  7684 | Temple   | Became a worshipper of Yredelemnul the Dark
  7696 | Temple   | Fell from the grace of Yredelemnul
  7696 | Temple   | Became a worshipper of Kikubaaqudgha
  7712 | D:7      | Mangled by an ogre

Skill      XL: |  1  2  3  4  5  6  7  8  9 |
---------------+----------------------------+-----
Fighting       | 1 2 3 4 5 |  5.6
Dodging        | 2 3 4 5 |  5.6
Armour         | 1 2 3 5 |  5.6
Stealth        | 4 5 7 |  7.0
Hexes          | 4 |  4.0
Shields        | 1 3 4 5 |  5.1
Short Blades   | |  1.0
Spellcasting   | |  2.1

Action                   |  1- 3 |  4- 6 |  7- 9 || total
-------------------------+-------+-------+-------++-------
Melee: Dagger            |    70 |     5 |   310 ||   385
       Hand axe          |    46 |   173 |    93 ||   312
 Cast: Corona            |    19 |    13 |    21 ||    53
       Confuse           |       |    12 |    24 ||    36
 Abil: Dig               |     7 |       |    13 ||    20
  Use: Potion            |       |     2 |     2 ||     4
       Scroll            |       |       |     6 ||     6
 Stab: Sleeping          |     3 |     5 |     2 ||    10
       Confused          |       |     5 |     2 ||     7
  Eat: Chunk             |     5 |     2 |    17 ||    24
       Ration            |       |     2 |       ||     2
Armor: Robe              |    19 |       |       ||    19
       Ring mail         |    25 |    45 |   120 ||   190
Dodge: Dodged            |    75 |    68 |   272 ||   415
Block: Other             |     4 |    26 |    39 ||    69
       Reflection        |       |     1 |    23 ||    24
       Buckler           |       |       |   167 ||   167
